 Dungeon Crawl Stone Soup version 0.31-a0-265-gcf7e37af1d (webtiles) character file.

Game seed: 18275482066958570578

740 qw the Skirmisher (level 7, -21/60 HPs)
             Began as a Minotaur Hexslinger on July 13, 2023.
             Demolished by Menkaure (22 damage)
             ... on level 5 of the Dungeon.
             The game lasted 00:01:38 (3952 turns).

qw the Skirmisher (Minotaur Hexslinger)             Turns: 3952, Time: 00:01:38

Health: -21/60     AC:  5    Str: 12    XL:     7   Next: 46%
Magic:  7/7        EV: 12    Int: 10    God:
Gold:   279        SH:  0    Dex: 15    Spells: 7/8 levels left

rFire   . . .        Y - +4 sling
rCold   . . .        (no shield)
rNeg    . . .        j - +0 leather armour
rPois   .            (helmet restricted)
rElec   .            (no cloak)
rCorr   +            (no gloves)
SInv    +            k - +1 pair of boots
Will    .....        (no amulet)
Stlth   +            b - ring of see invisible
HPRegen 0.30/turn    l - ring of resist corrosion
MPRegen 0.10/turn

%: no passive effects
@: no status effects
A: horns 2, retaliatory headbutt
a: no special abilities


You were on level 5 of the Dungeon.
You visited 1 branch of the dungeon, and saw 5 of its levels.

You collected 279 gold pieces.


Innate Abilities, Weirdness & Mutations

You have a pair of horns on your head.
You reflexively headbutt those who attack you in melee.


   Skills:
 + Level 4.8 Fighting
 - Level 8.0 Ranged Weapons
 - Level 1.7 Armour
 - Level 2.1 Dodging
 - Level 1.0 Spellcasting
 - Level 2.0 Hexes


You had 7 spell levels left.
You knew the following spells:

 Your Spells              Type           Power      Damage    Failure   Level
a - Slow                  Hex            16%        N/A       19%         1

Your spell library contained the following spells:

 Spells                   Type           Power      Damage    Failure   Level
 Inner Flame              Hex/Fire       2%         N/A       65%         3
 Portal Projectile        Hex/Tloc       4%         N/A       65%         3
 Cause Fear               Hex            2%         N/A       88%         4

Inventory:

Hand Weapons
 Y - a +4 sling (weapon)
Armour
 j - a +0 leather armour (worn)
 k - a +1 pair of boots (worn)
 m - a +0 ring mail
Jewellery
 b - a ring of see invisible (left hand)
 l - a ring of resist corrosion (right hand)
Scrolls
 o - a scroll of enchant armour {unknown}
 q - a scroll of identify
Potions
 a - a potion of invisibility {unknown}
 c - a potion of magic {unknown}
 d - a potion of resistance {unknown}
 e - a potion of might {unknown}
 f - a potion of heal wounds {unknown}
 g - a potion of lignification {unknown}
 h - 5 potions of curing
 i - 2 potions of mutation {unknown}
 n - a potion of attraction {unknown}
 p - a potion of degeneration {unknown}

Dungeon Overview and Level Annotations

Branches:
Dungeon (5/15)
 Temple: D:4-7

Altars:
Ashenzari
Hepliaklqana
Kikubaaqudgha
Nemelex Xobeh
Uskayaw

Annotations:
D:5 Menkaure


Message History

Menkaure shouts!
The sling bullet hits the adder.
The adder is heavily wounded.
The adder closely misses you. The hound barely misses you.
Menkaure rustles, "Let me perform the rites..."
Menkaure mumbles some strange words.
Menkaure seems to speed up.
You shoot a sling bullet. The sling bullet hits the adder!
You kill the adder!
The hound closely misses you.
Menkaure calls on the powers of darkness!
The hound convulses!
Your body is wracked with pain!
You shoot a sling bullet. The sling bullet hits the hound.
The hound is severely wounded.
The hound bites you but does no damage. The hound bites you.
You shoot a sling bullet.
The sling bullet closely misses the hound.
The hound bites you.
You shoot a sling bullet.
The sling bullet barely misses the hound.
The hound bites you. The hound barely misses you.
You shoot a sling bullet.
The sling bullet closely misses the hound.
The hound completely misses you. The hound bites you.
You shoot a sling bullet. The sling bullet hits the hound.
You kill the hound!
Menkaure points at you and mumbles some strange words.
Pain shoots through your body!
Your Ranged Weapons skill increases to level 8!
You shoot a sling bullet. The sling bullet hits Menkaure.
Menkaure is lightly damaged.
Menkaure points at you and mumbles some strange words.
Pain shoots through your body!
You shoot a sling bullet. The sling bullet hits Menkaure!
Menkaure is heavily damaged.
Menkaure mumbles a few words.
You shoot a sling bullet. The sling bullet hits Menkaure.
Menkaure is severely damaged.
Menkaure hits you!!
You die...

........#..##.......
........##.###...... .
.#####..##..##...... ..
#..#.#.###..<.. #.
#..#...###..... #..
#..#....##.....
#)..#####..#.....#.....
#....%.................
#....M@....###....#....
#.....###### #.........
#..... ###.......
......# ##...... ....##
##..... ...# #..... ..#
##.... .. ##... #..>


You could see Menkaure (fast).

Vanquished Creatures
  Sigmund (D:5)
  An ice beast (D:5)
  2 jellies (D:4)
  2 orc priests (D:4)
  2 hounds
  2 orc wizards (D:5)
  An iguana (D:4)
  6 gnolls
  7 adders
  A shadow imp (D:5)
  A white imp (D:5)
  2 worms
  4 dart slugs
  7 orcs
  7 ball pythons
  2 endoplasms
  3 giant cockroaches
  11 goblins
  9 hobgoblins
  2 jackals (D:2)
  6 quokkas
  3 bats
  6 frilled lizards
  7 kobolds
  5 rats
100 creatures vanquished.

Notes
Turn   | Place    | Note
-------+----------+-------------------------------------------
     0 | D:1      | qw the Minotaur Hexslinger began the quest for the Orb.
     0 | D:1      | Reached XP level 1. HP: 16/16 MP: 1/1
     0 | D:1      | 0 ||| qw: Version: 0.3-a-52-g30416fa
     0 | D:1      | 0 ||| qw: Game counter: 7583
     0 | D:1      | 0 ||| qw: Melee chars always use a shield: true
     0 | D:1      | 0 ||| qw: God list: Okawaru
     0 | D:1      | 0 ||| qw: Allow faded altars: false
     0 | D:1      | 0 ||| qw: Do Orc after clearing Dungeon:15 true
     0 | D:1      | 0 ||| qw: Do second Lair branch before Depths: true
     0 | D:1      | 0 ||| qw: Lair rune preference: random
     0 | D:1      | 0 ||| qw: Goals: Normal
     0 | D:1      | 0 ||| PLANNING D:1-11
    79 | D:1      | Reached skill level 3 in Ranged Weapons
    80 | D:1      | Reached XP level 2. HP: 23/23 MP: 2/2
   101 | D:1      | 101 ||| FLEEEEING.
   379 | D:1      | Reached XP level 3. HP: 29/29 MP: 3/3
   760 | D:1      | 760 ||| DROPPING ring of flight.
   761 | D:1      | 761 ||| READING 3 scrolls labelled LEAVIC NAV.
   762 | D:1      | 762 ||| READING scroll labelled YSATRU URHYELEF.
   763 | D:1      | 763 ||| READING scroll labelled BEH EVAMEGO.
   767 | D:1      | 767 ||| DRINKING 2 smoky golden potions.
   768 | D:1      | 768 ||| DROPPING 2 scrolls of blinking.
   769 | D:1      | 769 ||| DROPPING scroll of poison.
   789 | D:2      | 789 ||| STAIRDANCE
   873 | D:2      | Reached skill level 4 in Ranged Weapons
  1120 | D:2      | Reached XP level 4. HP: 35/36 MP: 4/4
  1472 | D:2      | 1472 ||| UPGRADING to +0 leather armour.
  1482 | D:2      | 1482 ||| DROPPING +0 robe.
  1483 | D:2      | 1483 ||| UPGRADING to ring of see invisible.
  1484 | D:2      | 1484 ||| READING scroll labelled UWETRI KIORIG.
  1539 | D:3      | Found a broken altar of Ashenzari.
  1543 | D:3      | Saw a vision of the Swamp and the Spider Nest.
  1543 | D:3      | Noticed a radroach
  1543 | D:3      | Noticed a bog body
  1543 | D:3      | Noticed a tarantella
  1543 | D:3      | Noticed a tarantella
  1543 | D:3      | Noticed a sun moth
  1543 | D:3      | Noticed a jorogumo
  1543 | D:3      | Noticed a redback
  1543 | D:3      | Noticed a bunyip
  1543 | D:3      | Noticed a tarantella
  1543 | D:3      | Noticed a wolf spider
  1543 | D:3      | Noticed a bog body
  1543 | D:3      | Noticed a jorogumo
  1543 | D:3      | Noticed a jumping spider
  1543 | D:3      | Noticed a bog body
  1544 | D:3      | Noticed a redback
  1544 | D:3      | Noticed a ghost moth
  1544 | D:3      | Noticed a tyrant leech
  1544 | D:3      | Noticed a goliath frog
  1544 | D:3      | Noticed a jumping spider
  1545 | D:3      | Noticed an entropy weaver
  1547 | D:3      | Noticed a sun moth
  1587 | D:3      | Found a sparkling altar of Nemelex Xobeh.
  1597 | D:3      | Reached skill level 5 in Ranged Weapons
  1641 | D:3      | HP: 6/36 [gnoll/+0 club (7)]
  1826 | D:3      | Found a faded altar of an unknown god.
  1892 | D:3      | Reached skill level 3 in Fighting
  1990 | D:3      | Identified the +8 hand axe of Guablaw {flame, rC++ Str+4
                  | Int-5}
  2158 | D:3      | 2158 ||| UPGRADING to +1 pair of boots.
  2163 | D:3      | 2163 ||| UPGRADING to ring of resist corrosion.
  2164 | D:3      | 2164 ||| READING scroll labelled QONEOXA PUSA.
  2165 | D:3      | 2165 ||| READING 3 scrolls labelled EFIYFI IWEA.
  2166 | D:3      | 2166 ||| READING 2 scrolls of enchant weapon.
  2166 | D:3      | 2166 ||| ENCHANTING +2 sling.
  2167 | D:3      | 2167 ||| READING scroll of enchant weapon.
  2167 | D:3      | 2167 ||| ENCHANTING +3 sling.
  2168 | D:3      | 2168 ||| READING scroll labelled ICIMEE ZUHOCYUMMU.
  2262 | D:4      | 2262 ||| PLANNING OSSUARY
  2308 | D:4      | Reached XP level 5. HP: 45/45 MP: 5/5
  2384 | D:4      | Found a hazy altar of Hepliaklqana.
  2403 | D:4      | Reached skill level 6 in Ranged Weapons
  2469 | D:4      | 2469 ||| Stepping ~*~*~tactically~*~*~ (outnumbered).
  2471 | D:4      | 2471 ||| Stepping ~*~*~tactically~*~*~ (outnumbered).
  2473 | D:4      | 2473 ||| Stepping ~*~*~tactically~*~*~ (outnumbered).
  2482 | D:4      | Reached skill level 1 in Armour
  2486 | D:4      | Reached XP level 6. HP: 20/51 MP: 6/6
  2608 | D:4      | You fall into a shaft and drop 1 floor!
  2608 | D:5      | Entered Level 5 of the Dungeon
  2651 | D:5      | Noticed an ice beast
  2660 | D:5      | HP: 11/52 [ice beast (7)]
  2662 | D:5      | Killed an ice beast
  2901 | D:4      | 2901 ||| RIP OSSUARY
  2902 | D:4      | 2902 ||| PLANNING D:1-11
  2935 | D:4      | HP: 13/55 [hobgoblin (4)]
  3232 | D:4      | Found a hide-covered altar of Uskayaw.
  3484 | D:4      | 3484 ||| READING scroll labelled XOCVAT MUIBB.
  3545 | D:5      | Noticed Sigmund
  3553 | D:5      | Killed Sigmund
  3554 | D:5      | Reached skill level 7 in Ranged Weapons
  3554 | D:5      | Reached XP level 7. HP: 42/60 MP: 7/7
  3616 | D:5      | Found an ancient bone altar of Kikubaaqudgha.
  3641 | D:5      | 3641 ||| Stepping ~*~*~tactically~*~*~ (outnumbered).
  3644 | D:5      | Noticed Menkaure
  3645 | D:5      | 3645 ||| Stepping ~*~*~tactically~*~*~ (outnumbered).
  3653 | D:5      | HP: 11/60 [Menkaure/nerve-wracking pain (8)]
  3654 | D:5      | 3654 ||| READING scroll of teleportation.
  3787 | D:5      | 3787 ||| FLEEEEING.
  3788 | D:5      | 3788 ||| FLEEEEING.
  3789 | D:5      | 3789 ||| FLEEEEING.
  3949 | D:5      | HP: 11/60 [Menkaure/nerve-wracking pain (10)]
  3950 | D:5      | Reached skill level 8 in Ranged Weapons
  3950 | D:5      | HP: 1/60 [Menkaure/nerve-wracking pain (11)]
  3952 | D:5      | Demolished by Menkaure

Levels and vault maps discovered:
D:1:      eino_arrival_tree_alley, layout_basic, serial_aquarium,
          aquarium_bridge_square [aquarium_subvault_window,
          aquarium_subvault_wall, aquarium_subvault_window,
          aquarium_subvault_bridge], aquarium_window_2, aquarium_window_fake,
          aquarium_window_2, aquarium_view_2c, aquarium_balcony_3a
D:2:      layout_basic, uniq_crazy_yiuf_cottage
D:3:      layout_rooms, mainiacjoe_overflow_six_doors_small,
          grunt_ashenzari_visionary [grunt_ashenzari_visionary_swamp,
          grunt_ashenzari_visionary_spider],
          hellmonk_ecumenical_altar_crossroads, nicolae_the_louvre
D:4:      layout_rooms, mainiacjoe_overflow_alcove_4,
          mainiacjoe_overflow_surrounded_room,
          nicolae_ossuary_entry_false_entrances, minmay_misc_feat_x,
          hangedman_minor_gate_pass
D:5:      layout_cave_pods, lemuel_crystal_altar, zin_treasury,
          serial_column_ruins, column_ruins_courtyard_long, column_ruins_hut,
          column_ruins_grid_3, column_ruins_grid_3, column_ruins_grid_1,
          column_ruins_grid_3, uniq_menkaure, uniq_ijyb, uniq_sigmund

Skill      XL: |  1  2  3  4  5  6  7 |
---------------+----------------------+-----
Ranged Weapons | 3 4 5 6 7 8 |  8.0
Fighting       | 2 3 4 |  4.8
Armour         | 1 |  1.7
Dodging        | |  2.1
Spellcasting   | |  1.0
Hexes          | |  2.0

Action                     |  1- 3 |  4- 6 |  7- 9 || total
---------------------------+-------+-------+-------++-------
   Fire: Sling             |   118 |   220 |    44 ||   382
    Use: Scroll            |     3 |     7 |     1 ||    11
         Potion            |     1 |       |       ||     1
 Armour: Robe              |     4 |     2 |       ||     6
         Leather armour    |       |    18 |     3 ||    21
  Dodge: Dodged            |    17 |    67 |    18 ||   102

Table legend:
 A = Non-vault XP
 B = Vault XP
 C = Vault XP percentage of total XP
 D = Non-vault monster count
 E = Vault monster count
 F = Vault count percentage of total count
                 A         B        C        D         E       F
            +---------+---------+-------+---------+---------+-------
      Total |     807 |     251 |  23.7 |      92 |       8 |   8.0
            +---------+---------+-------+---------+---------+-------
        D:1 |      58 |       0 |   0.0 |      31 |       0 |   0.0
        D:2 |      62 |       0 |   0.0 |      14 |       0 |   0.0
        D:3 |      69 |       0 |   0.0 |      11 |       0 |   0.0
        D:4 |     339 |      25 |   6.9 |      24 |       7 |  22.6
        D:5 |     279 |     226 |  44.8 |      12 |       1 |   7.7
            +---------+---------+-------+---------+---------+-------
